 Dungeon Crawl Stone Soup version 0.21.1-1-g345015fe64 (webtiles) character file.

421 DildoBatman the Skirmisher (level 7, 0/55 HPs)
             Began as a Formicid Wizard on May 7, 2018.
             Slain by an adder (4 damage)
             ... in a sewer.
             The game lasted 00:10:16 (4081 turns).

DildoBatman the Skirmisher (Formicid Wizard)        Turns: 4081, Time: 00:10:17

Health: 0/55       AC:  5    Str: 11    XL:     7   Next: 16%
Magic:  0/11       EV: 10    Int: 20    God:
Gold:   191        SH:  0    Dex:  9    Spells: 11/12 levels left

rFire    . . .     SeeInvis +   a - +4 short sword
rCold    . . .     Gourm    .   (no shield)
rNeg     . . .     Faith    .   g - +0 ring mail
rPois    +         Spirit   .   (helmet unavailable)
rElec    .         Reflect  .   (no cloak)
rCorr    .         Harm     .   (no gloves)
MR       .....                  (no boots)
Stlth    ++........             (no amulet)
HPRegen  0.18/turn              e - ring of poison resistance
MPRegen  0.12/turn              (no ring)

@: very slightly contaminated
A: permanent stasis, dig shafts and tunnels, four strong arms, antennae 3
a: Dig, Shaft Self


You were in a sewer.
You were not hungry.

You visited 1 branch of the dungeon, and saw 3 of its levels.
You also visited: Sewer.

You collected 191 gold pieces.

Inventory:

Hand Weapons
 a - a +4 short sword (weapon)
Missiles
 h - 95 stones (quivered)
 m - 38 arrows
 q - 23 sling bullets
Armour
 c - a +0 shield
 g - a +0 ring mail (worn)
 l - a +0 robe
Jewellery
 e - a ring of poison resistance (left hand)
Wands
 s - a wand of iceblast (10)
Scrolls
 d - 2 scrolls of amnesia {unknown}
 f - a scroll of enchant weapon {unknown}
 i - a scroll of magic mapping {unknown}
 j - 3 scrolls of identify {unknown}
 k - a scroll of immolation {unknown}
 p - 2 scrolls of remove curse {unknown}
 r - a scroll of enchant armour {unknown}
 t - 2 scrolls of teleportation {unknown}
 u - a scroll of blinking {unknown}
Potions
 n - a potion of degeneration {unknown}
 o - a potion of lignification {unknown}
 w - a potion of brilliance {unknown}
 x - 2 potions of heal wounds
 z - a potion of haste {unknown}
Books
 b - a book of Minor Magic

   Spells                             Type                      Level
   a - Magic Dart                     Conjuration                  1
   b - Blink                          Translocation                2
   c - Call Imp                       Summoning                    2
   d - Slow                           Hexes                        2
   e - Conjure Flame                  Conjuration/Fire             3
   f - Mephitic Cloud                 Conjuration/Poison/Air       3
Comestibles
 v - 3 rations


   Skills:
 * Level 4.7 Fighting
 - Level 4.0 Armour
 - Level 2.0 Dodging
 - Level 4.0 Stealth
 - Level 3.2 Spellcasting
 - Level 2.0 Conjurations
   Level 1.0 Summonings
   Level 0.8 Translocations


You had 11 spell levels left.
You knew the following spells:

 Your Spells              Type           Power        Failure   Level  Hunger
c - Magic Dart            Conj           ##..         14%         1    None


Dungeon Overview and Level Annotations

Branches:
Dungeon (3/15)

Altars:

Annotations:
D:1 exclusion: crimson imp
D:2 exclusions: worker ant and 1 more exclusion


Innate Abilities, Weirdness & Mutations

You cannot be hasted, slowed, berserked, paralysed or teleported.
You can dig through walls and to a lower floor.
Your four strong arms can wield two-handed weapons with a shield.
You have a pair of large antennae on your head. (SInv)


Message History

Your Armour skill increases to level 4!
You have reached level 7!
The adder bites you.
You are too injured to fight recklessly!
You are too injured to fight recklessly!
You are too injured to fight recklessly!
You are too injured to fight recklessly!
You are too injured to fight recklessly!
You are too injured to fight recklessly!
You are too injured to fight recklessly!
You hit the adder.
The adder is severely wounded.
The adder closely misses you.
You barely miss the adder.
The adder is severely wounded.
The adder bites you but does no damage.
You barely miss the adder.
The adder is severely wounded.
The adder bites you.
You die...

###..≈≈≈≈≈≈≈≈≈≈≈≈≈≈≈....
##...≈≈≈≈≈≈.≈.≈≈≈≈≈≈≈....
#.....≈≈≈≈≈..≈≈≈≈≈≈≈≈≈...
#....≈≈≈≈≈≈..≈≈≈≈≈≈≈≈≈...
##....≈≈≈≈≈≈≈..≈≈≈≈≈≈≈≈...
#......≈≈≈≈≈#≈#≈≈≈≈≈≈≈..##
#....####################
##...####### #...####{#@#
#...S'{{#S## #....#..###
##...####
#....##################
#......≈≈≈≈≈≈{≈≈≈≈≈≈≈≈#.
##...l.≈≈≈≈≈≈≈≈≈≈≈≈≈≈≈..
#.....≈≈≈≈≈{≈≈≈≈J≈≈≈≈≈l
#....≈≈≈≈≈≈≈.≈≈#≈FFl≈≈.


You could see an adder.

Vanquished Creatures
  2 bullfrogs (Sewer)
  An orc wizard (D:3)
  10 adders
  7 river rats (Sewer)
  2 oozes
  2 worms
  4 dart slugs
  3 leopard geckos
  3 orcs (D:3)
  9 ball pythons
  3 giant cockroaches
  4 goblins
  6 hobgoblins
  3 jackals (D:2)
  5 kobolds
  2 quokkas (D:3)
  11 bats
  4 frilled lizards
  25 rats
106 creatures vanquished.

Notes
Turn   | Place    | Note
-------+----------+-------------------------------------------
     0 | D:1      | DildoBatman the Formicid Wizard began the quest for the Orb.
     0 | D:1      | Reached XP level 1. HP: 13/13 MP: 4/4
   203 | D:1      | Reached skill level 1 in Conjurations
   297 | D:1      | Reached skill level 1 in Fighting
   297 | D:1      | Reached XP level 2. HP: 14/21 MP: 0/6
   541 | D:1      | Reached XP level 3. HP: 26/27 MP: 1/7
  1063 | D:2      | Reached XP level 4. HP: 16/34 MP: 1/8
  1746 | D:2      | Reached skill level 1 in Armour
  1963 | D:2      | Reached XP level 5. HP: 41/41 MP: 5/9
  2456 | D:3      | Found a glowing drain.
  2496 | Sewer    | Entered a sewer
  2937 | Sewer    | Reached XP level 6. HP: 27/47 MP: 2/10
  4078 | Sewer    | Reached XP level 7. HP: 7/55 MP: 0/11
  4081 | Sewer    | Slain by an adder

Skill      XL: |  1  2  3  4  5  6 |
---------------+-------------------+-----
Conjurations   | 1 2 |  2.0
Fighting       | 1 2 3 4 |  4.7
Dodging        | 2 |  2.0
Armour         | 1 2 4 |  4.0
Stealth        | 3 4 |  4.0
Spellcasting   | |  3.2
Summonings     | |  1.0
Translocations | |  0.8

Action                   |  1- 3 |  4- 6 |  7- 9 || total
-------------------------+-------+-------+-------++-------
Melee: Unarmed           |    18 |       |       ||    18
       Short sword       |    28 |   139 |     3 ||   170
       Dagger            |     7 |       |       ||     7
 Cast: Magic Dart        |    45 |   145 |     1 ||   191
 Abil: Dig               |     1 |     7 |       ||     8
  Use: Potion            |       |     3 |       ||     3
 Stab: Sleeping          |     2 |     3 |       ||     5
  Eat: Chunk             |     1 |    10 |       ||    11
Armor: Robe              |    12 |     3 |       ||    15
       Ring mail         |       |   100 |     1 ||   101
Dodge: Dodged            |    53 |   136 |     1 ||   190
